 Dungeon Crawl Stone Soup version 0.29-a0-359-g541a27f54d (webtiles) character file.

Game seed: 6563206861838714348

45 Colgate the Sneak (level 3, -9/21 HPs)
             Began as a Kobold Brigand on Apr 28, 2022.
             Was a Follower of Wu Jian.
             Mangled by Crazy Yiuf
             ... wielding a +3 quarterstaff of chaos
              (10 damage)
             ... on level 2 of the Dungeon.
             The game lasted 00:05:34 (1766 turns).

Colgate the Sneak (Kobold Brigand)                  Turns: 1766, Time: 00:05:34

Health: -9/21      AC:  7    Str:  8    XL:     3   Next: 90%
Magic:  3/3        EV: 14    Int: 12    God:    Wu Jian [*.....]
Gold:   85         SH:  0    Dex: 18    Spells: 2/2 levels left

rFire   . . .      SeeInvis .   a - +2 dagger
rCold   . . .      Faith    .   (no shield)
rNeg    . . .      Spirit   .   b - +0 robe
rPois   .          Reflect  .   p - +0 helmet
rElec   .          Harm     .   c - +0 cloak
rCorr   .          Rampage  .   f - +2 pair of gloves
Will    .....                   (no boots)
Stlth   ++++......              (no amulet)
HPRegen 0.07/turn               (no ring)
MPRegen 0.08/turn               (no ring)

@: no status effects
A: small, no large weapons, nightstalker 3
a: Renounce Religion


You were on level 2 of the Dungeon.
You worshipped Wu Jian.
Wu Jian was aware of your devotion.
You visited 1 branch of the dungeon, and saw 2 of its levels.

You collected 124 gold pieces.
You spent 39 gold pieces at shops.

Inventory:

Hand Weapons
 a - a +2 dagger (weapon)
Missiles
 d - 13 poisoned darts (quivered)
 e - 3 curare-tipped darts
 m - 6 atropa-tipped darts
Armour
 b - a +0 robe (worn)
 c - a +0 cloak (worn)
 f - a +2 pair of gloves (worn)
 i - a +0 kite shield
 p - a +0 helmet (worn)
 r - the +0 leather armour of Taideib {rN+ Will+}
   (You found it on level 2 of the Dungeon)

   rN:        It protects you from negative energy.
   Will:      It increases your willpower.
Scrolls
 j - 3 scrolls of identify {unknown}
 n - a scroll of amnesia {unknown}
 o - a scroll of noise {unknown}
 q - a scroll of teleportation {@r3}
Potions
 g - a potion of curing {unknown}
 h - a potion of flight {unknown}
 k - a potion of might {unknown}
 l - a potion of heal wounds {unknown}


   Skills:
 - Level 2.1 Fighting
 + Level 5.2 Short Blades
 - Level 2.1 Throwing
 - Level 1.2 Dodging
 - Level 5.3 Stealth


You had 2 spell levels left.
You didn't know any spells.
Your spell library contained the following spells:

 Spells                   Type           Power      Damage    Failure   Level
 Gell's Gravitas          Tloc           0%         N/A       69%         3
 Lesser Beckoning         Tloc           0%         N/A       69%         3
 Teleport Other           Tloc           0%         N/A       69%         3


Dungeon Overview and Level Annotations

Branches:
Dungeon (2/15)

Altars:
Trog
Wu Jian

Shops:
D:2 *

Annotations:
D:2 Crazy Yiuf


Innate Abilities, Weirdness & Mutations

You are small and have problems with some larger weapons.
You are completely attuned to the shadows.


Message History

You see here a +0 leather armour.
Found Raedael's General Store.
No target in view!
Found 13 stones.
No target in view!
There is an entrance to Raedael's General Store here.
q - a scroll of teleportation {@r3} Thank you for shopping at Raedael's General Store!
No target in view!
Found 6 stones.
No target in view!
A kobold comes into view. It is wielding a +0 whip.
You see here the +0 leather armour of Taideib {rN+ Will+}.
You lunge at the kobold.
The helpless kobold fails to defend itself.
You skewer the kobold like a kebab!!!
You kill the kobold!
The Council accepts your kill.
r - the +0 leather armour of Taideib {rN+ Will+} No target in view!
Things that are here:
a +0 whip; 3 stones No target in view!
Things that are here:
a +0 whip; 3 stones Crazy Yiuf is nearby!
You hit Crazy Yiuf but do no damage. Crazy Yiuf misses you.
You hit Crazy Yiuf. You barely miss Crazy Yiuf.
Crazy Yiuf hits you with a +3 quarterstaff of chaos.
Crazy Yiuf burns you.
You closely miss Crazy Yiuf.
Crazy Yiuf hits you with a +3 quarterstaff of chaos!
Ouch! That really hurt!
* * * LOW HITPOINT WARNING * * *
Crazy Yiuf freezes you.
* * * LOW HITPOINT WARNING * * *
You barely miss Crazy Yiuf.
Crazy Yiuf hits you with a +3 quarterstaff of chaos!
You die...

####..#.### #.#
#.......#
##.#.#######.##
#.......#
#.............#
####.####
##............#
#.#
#..########..#
#.# #..#
######..#######.#
#...
.............##.#
....##..####.##.#
..>....g@.......#
#
###.##.#####.####
# .###.##.# ##.#
# ........# #..#
# w###.#######.##
# #........#.# #
#..#####.#.######
# #..#
#..........# #
#..# #.....####.#
#


You could see Crazy Yiuf.

Vanquished Creatures
  A worm (D:2)
  A dart slug (D:1)
  3 bats (D:1)
  4 endoplasms
  A giant cockroach (D:2)
  A goblin (D:1)
  4 hobgoblins
  5 kobolds
  3 quokkas (D:1)
  6 ball pythons
  A frilled lizard (D:1)
  5 rats
35 creatures vanquished.

Notes
Turn   | Place    | Note
-------+----------+-------------------------------------------
     0 | D:1      | Colgate the Kobold Brigand began the quest for the Orb.
     0 | D:1      | Reached XP level 1. HP: 12/12 MP: 1/1
   231 | D:1      | Found a faded altar of an unknown god.
   235 | D:1      | Prayed at the altar of an unknown god.
   235 | D:1      | Became a worshipper of the Wu Jian Council
   235 | D:1      | Reached * piety under Wu Jian
   264 | D:1      | Reached XP level 2. HP: 17/17 MP: 2/2
   623 | D:1      | Reached XP level 3. HP: 21/21 MP: 3/3
  1272 | D:2      | Found a bloodstained altar of Trog.
  1474 | D:2      | Reached skill level 5 in Short Blades
  1547 | D:2      | Found a runed translucent door.
  1550 | D:2      | Noticed Crazy Yiuf
  1678 | D:2      | Found Raedael's General Store.
  1683 | D:2      | Bought a scroll of teleportation for 39 gold pieces
  1701 | D:2      | Identified the +0 leather armour of Taideib {rN+ Will+}
  1765 | D:2      | HP: 1/21 [Crazy Yiuf/+3 quarterstaff of chaos (2)]
  1766 | D:2      | Mangled by Crazy Yiuf

Illustrated notes

Levels and vault maps discovered:
D:1:      heliophobic_arrival_enchanted_forest, layout_basic,
          shapermc_ecumenical_altar_acropolis, serial_forest,
          infiniplex_forest_clump_tiny, infiniplex_forest_clump_small,
          infiniplex_forest_lined_4_way, infiniplex_forest_end_3,
          infiniplex_forest_side_room, infiniplex_forest_lined_room_3,
          infiniplex_forest_straight_3, infiniplex_forest_clump_diagonal
D:2:      layout_loops_ring, serial_shops, shop, basic_altar,
          uniq_crazy_yiuf_cottage

Skill      XL: |  1  2  3 |
---------------+----------+-----
Short Blades   | 3 4 5 |  5.2
Fighting       | |  2.1
Throwing       | |  2.1
Dodging        | |  1.2
Stealth        | |  5.3

Action                   || total
-------------------------++-------
Melee: Dagger            ||    68
Invok: Lunge             ||    21
       Whirlwind         ||     1
 Stab: Sleeping          ||    19
Armor: Robe              ||     2
Dodge: Dodged            ||    23

Table legend: (Time is in decaauts)
 A = Elapsed time spent in this place.
 B = Non-inter-level travel time spent in this place.
 C = Inter-level travel time spent in this place.
 D = Time resting spent in this place.
 E = Time spent auto-exploring this place.
 F = Levels seen in this place.
 G = Mean time per level.
                   A        B        C        D        E       F      G
               +--------+--------+--------+--------+--------+-----+--------+
         Total |   1758 |   1694 |     64 |      0 |   1446 |   2 |  879.0 |
       Dungeon |   1758 |   1694 |     64 |      0 |   1446 |   2 |  879.0 |
               +--------+--------+--------+--------+--------+-----+--------+

Top non-repeatable levels by time:
     D:1: 1312 daAuts
     D:2: 445 daAuts
